Map: Habitation Station LE (Void)

Players

Pakt

  • Race: Terran Terran
  • League: Diamond
  • Spawn Location: 11:00

Gorod - Winner!

  • Race: Zerg Zerg
  • League: Diamond
  • Spawn Location: 1:00

VOD

Have the link to the VOD?

Description

Time

  • Played on: Dec. 15, 2016, 8:38 a.m.
  • Length: 10:37
Show
View Real Time Build Order
Export as new Build Order

Pakt Terran 

Build Orders: Reaper Expand 

Get SALT Encoding   

  12  0:01  SCV  
  13  0:13  SCV  
  14  0:17  Supply Depot  
  14  0:25  SCV  
  14  0:28  Refinery  
  15  0:39  SCV  
  16  0:45  Barracks  
  16  0:51  SCV  
  17  1:03  SCV  
  18  1:15  SCV  
  19  1:31  Orbital Command  
  19  1:33  Reaper  
  20  1:45  Command Center  
  20  1:57  Factory  
  20  1:59  SCV  
  21  2:06  Barracks Reactor  
  21  2:10  Supply Depot  
  21  2:12  SCV  
  22  2:19  Refinery  
  22  2:25  SCV  
  22  2:37  SCV  
  23  2:49  SCV  
  24  2:54  Hellion x2  
  28  2:59  Barracks Reactor  
  28  3:02  SCV, Starport  
  29  3:11  Orbital Command  
  29  3:14  SCV  
  29  3:19  Hellion  
  32  3:23  Hellion  
  32  3:26  SCV  
  35  3:38  SCV  
  35  3:40  SCV, Supply Depot  
  37  3:49  Hellion  
  37  3:50  SCV  
  37  3:52  SCV  
  41  3:57  Viking x2  
  45  4:03  SCV  
  45  4:06  Armory  
  45  4:09  Hellion  
  48  4:11  SCV  
  49  4:17  Supply Depot  
  49  4:27  Viking x2  
  53  4:39  Hellion x2  
  53  4:42  SCV x2  
  59  4:48  Supply Depot  
  59  4:51  Supply Depot  
  59  4:57  Viking  
  61  5:04  Supply Depot  
  61  5:10  Viking  
  61  5:11  Supply Depot  
  63  5:23  Hellion  
  63  5:24  Hellion  
  63  5:27  Viking  
  69  5:40  Viking  
  71  5:51  Hellion x2  
  71  6:10  Viking x2  
  71  6:13  Hellion x2  
  71  6:16  SCV x2  
  67  6:40  Viking x2  
  67  6:45  Hellion x2  
  73  6:50  Barracks Reactor  
  73  6:51  SCV x2  
  73  6:53  Factory  
  65  7:02  Command Center  
  65  7:06  Hellion x2  
  67  7:16  Viking x2  
  71  7:23  Factory  
  71  7:27  Hellion  
  71  7:28  Hellion  
  56  7:51  SCV x2  
  56  7:54  Hellion x2  
  62  8:00  Viking x2  
  62  8:02  Hellion  
  62  8:03  Hellion  
  70  8:16  Factory Tech Lab  
  70  8:23  Hellion  
  70  8:24  Hellion  
  74  8:30  Viking x2  
  78  8:36  Hellion  
  52  9:03  Siege Tank  
  55  9:13  Hellion x2  
  55  9:14  Hellion x2  
  63  9:19  Factory  
  63  9:21  Factory  
  63  9:25  SCV x2  
  63  9:31  Engineering Bay  
  65  9:33  Viking  
  65  9:37  Refinery  
  65  9:38  Refinery  
  66  10:01  SCV x2  
  66  10:04  Factory Tech Lab, Siege Tank  
  66  10:05  Factory Tech Lab  
  66  10:07  Hellion x4  
Show
View Real Time Build Order
Export as new Build Order

Gorod Zerg - Winner!

Build Orders: Hatch First 

Get SALT Encoding   

  12  0:01  Drone  
  13  0:08  Drone  
  14  0:14  Extractor  
  14  0:16  Drone  
  15  0:39  Hatchery  
  14  0:46  Extractor  
  14  0:47  Drone  
  15  1:06  Spawning Pool, Extractor  
  13  1:16  Drone  
  13  1:18  Drone, Extractor  
  14  1:24  Overlord  
  16  1:42  Drone x2  
  18  1:50  Drone  
  18  1:52  Queen  
  18  1:53  Queen  
  23  1:55  Drone  
  23  2:00  Drone  
  25  2:05  Overlord  
  25  2:12  Drone  
  25  2:13  Drone  
  27  2:21  Drone  
  28  2:23  Drone  
  29  2:33  Queen x2  
  33  2:37  Overlord  
  33  2:41  Drone  
  33  2:42  Extractor  
  33  2:43  Drone  
  34  2:45  Drone  
  35  2:53  Overlord  
  36  2:58  Drone  
  36  2:59  Extractor  
  36  3:01  Drone  
  36  3:02  Drone x2  
  36  3:04  Drone x2  
  41  3:07  Overlord  
  42  3:19  Drone x4  
  45  3:27  Extractor, Roach Warren  
  45  3:28  Extractor  
  45  3:29  Drone x2  
  44  3:45  Drone x2  
  44  3:47  Drone x3  
  49  3:52  Hatchery  
  48  4:03  Drone x3, Extractor  
  50  4:11  Roach x2  
  54  4:28  Evolution Chamber  
  54  4:29  Evolution Chamber  
  52  4:33  Roach x4  
  60  4:46  Overlord x4  
  60  4:51  Extractor  
  59  4:57  Overlord x3  
  59  4:58  Overlord  
  59  5:08  Spore Crawler  
  59  5:10  Spore Crawler  
  57  5:17  Lair  
  57  5:19  Zerg Ground Armor Level 1, Zerg Missile Weapons Level 1  
  57  5:22  Drone x3  
  57  5:25  Drone  
  57  5:27  Drone x9  
  70  5:48  Drone x3, Extractor  
  70  5:49  Drone x3, Extractor  
  74  5:50  Roach x2  
  74  5:51  Roach x3  
  84  6:00  Ravager  
  80  6:07  Roach  
  80  6:08  Roach x6  
  84  6:14  Roach  
  84  6:15  Roach x2  
  81  6:24  Roach x6  
  90  6:30  Roach  
  73  6:46  Roach x7  
  75  7:02  Roach x2  
  71  7:13  Ravager x2  
  71  7:14  Roach x3  
  71  7:15  Roach  
  77  7:34  Hatchery  
  70  7:41  Roach x4  
  70  7:42  Roach x3  
  76  7:48  Roach x3  
  76  7:49  Queen  
  82  7:53  Roach  
  84  7:59  Ravager  
  84  8:00  Roach x2  
  84  8:05  Overlord  
  89  8:13  Glial Reconstitution  
  89  8:15  Roach x2  
  93  8:28  Roach x4  
  101  8:36  Roach  
  101  8:37  Roach x2  
  105  8:50  Roach  
  105  8:51  Roach x3  
  105  9:13  Drone  
  105  9:14  Queen  
  105  9:16  Ravager  
  105  9:17  Overlord x2, Ravager  
  110  9:18  Overlord x3, Extractor  
  109  9:36  Roach x9  
  127  9:39  Overlord x5  
  127  9:58  Ravager x4  
  131  10:15  Ravager  
  131  10:16  Ravager  
Tags
 
Add a new tag
Caveats
  • Supply blocks, unpowered buildings, or Contaminate may cause inaccurate times.
  • Supply counts are checked every 10 seconds.